 Dungeon Crawl Stone Soup version 0.29-a0-319-gad05b8d819 (webtiles) character file.

Game seed: 3134160992078996549

1215 tilp the Skirmisher (level 8, 0/80 HPs)
             Began as a Mayflytaur Cinder Acolyte on Apr 1, 2022.
             Was a High Priest of Ignis.
             Killed by divine providence
             ... invoked by an orc priest
              (9 damage)
             ... on level 7 of the Dungeon.
             The game lasted 00:10:42 (1292 turns).

tilp the Skirmisher (Mayflytaur Cinder Acolyte)     Turns: 1292, Time: 00:10:42

Health: 0/80       AC:  5    Str: 16    XL:     8   Next: 46%
Magic:  3/13       EV: 28    Int: 20    God:    Ignis [*****.]
Gold:   75         SH:  0    Dex: 16    Spells: 11/13 levels left

rFire   + . .      SeeInvis .   b - +2 whip (freeze)
rCold   . . .      Faith    .   (no shield)
rNeg    . . .      Spirit   .   n - +0 leather armour
rPois   .          Reflect  .   (no helmet)
rElec   +          Harm     .   r - +1 cloak
rCorr   .          Rampage  .   (no gloves)
Will    +....                   (no boots)
Stlth   +.........              f - amulet of the acrobat
HPRegen 0.23/turn               l - ring of Locriop {Wiz rElec Int+3}
MPRegen 0.26/turn               s - +6 ring of dexterity

@: acrobatic, flying
A: damage resistance, big wings, sense surroundings 1, magic regeneration, short
lifespan
a: Renounce Religion, Fiery Armour, Foxfire Swarm, Rising Flame


You were on level 7 of the Dungeon.
You worshipped Ignis.
Ignis was extremely pleased with you.
You visited 1 branch of the dungeon, and saw 8 of its levels.

You collected 138 gold pieces.
You spent 63 gold pieces at shops.

Inventory:

Hand Weapons
 a - a -1 mace of flaming
 b - a +2 whip of freezing (weapon)
 h - a +0 war axe
Missiles
 c - 3 javelins (quivered)
 e - 65 stones
 u - a boomerang
Armour
 j - a +0 buckler
 n - a +0 leather armour (worn)
 q - a scarf of harm
 r - a +1 cloak (worn)
Magical Staves
 g - a staff of air
Jewellery
 f - an amulet of the acrobat (around neck)
 l - the ring of Locriop (left hand) {Wiz rElec Int+3}
   (You found it on level 5 of the Dungeon)

   [ring of wizardry]

   It improves your spell success rate.
   Int:       It affects your intelligence (+3).
   rElec:     It insulates you from electricity.
 m - a ring of protection from cold
 s - a +6 ring of dexterity (right hand)
Wands
 d - a wand of flame (7)
Potions
 i - a potion of attraction
 k - a potion of heal wounds {unknown}
 o - 3 potions of lignification {unknown}
 p - a potion of flight {unknown}


   Skills:
 * Level 7.4 Fighting
 + Level 7.4 Maces & Flails
 - Level 2.0 Armour
 + Level 3.6 Dodging
 * Level 1.4 Shields
 - Level 3.0 Spellcasting
 + Level 5.0 Fire Magic


You had 11 spell levels left.
You knew the following spells:

 Your Spells              Type           Power      Damage    Failure   Level
a - Scorch                Fire           46%        2d7       1%          2

Your spell library contained the following spells:

 Spells                   Type           Power      Damage    Failure   Level
 Ozocubu's Armour         Ice            3%         N/A       21%         3
 Ozocubu's Refrigeration  Ice            1%         4d5       100%        7


Dungeon Overview and Level Annotations

Branches:
Dungeon (8/15)
 Temple: D:4-7         Lair: D:8-11

Altars:
Elyvilon

Shops:
D:8 [

Annotations:
D:4 Blork the orc
D:5 1 runed translucent door, qborf's ghost, novice OgBe
D:8 Gastronok


Innate Abilities, Weirdness & Mutations

You are resistant to damage.
Your large and strong wings let you fly.
You passively map a small area around you.
You regenerate magic rapidly.
You are easily found by Zot.


Message History

You miss something. Something hits you.
You hit something. You freeze something.
A steam dragon comes into view.
Unknown command.
You aren't carrying any scrolls.
You hit something. You freeze something. Something hits you but does no damage.
Unknown command.
You closely miss something.
You hear some strange, mumbled words.
A magic dart appears from out of thin air!
The magic dart hits you.
* * * LOW HITPOINT WARNING * * *
Unknown command.
Casting: Scorch (safe; 1% risk of failure)
Confirm with . or Enter, or press ? or * to list all spells.
You can't see any susceptible monsters within range! (Use Z to cast anyway.) Unknown command.
Casting: Scorch (safe; 1% risk of failure)
Confirm with . or Enter, or press ? or * to list all spells.
Flames lash something.
Reactivating autopickup.
You feel a bit more experienced.
Unknown command.
The steam dragon breathes steam at you. The ball of steam misses you.
There is a stone staircase leading down here.
Things that are here:
a +0 dagger; a +0 robe; an orc corpse Unknown command.
You fly downwards.
The orc hits you but does no damage.
There is a stone staircase leading up, spattered with blood here.
Unknown command.
The orc wizard points at you and mumbles some strange words.
The puff of flame misses you. The orc completely misses you.
The orc attacks as you move away! The orc completely misses you.
You aren't carrying any scrolls.
The orc attacks as you move away! The orc completely misses you.
The orc priest calls down the wrath of Beogh upon you.
Beogh smites you!
You die...

, , , ,....)....( * . * *
#.!....... # #......... * # *
################........., #
............†o).......... #
####...o#########........ * ,#
......o.......###..........###
,.....##.#####..##.............
........# , ,
###.....#.######...# * ,
,###...#.# #...# , * , #...#.#
#....


You could see an orc priest, an orc wizard and an orc.

Vanquished Creatures
  Pikel (D:8)
  An ogre (D:7)
  2 lemures
  3 bullfrogs
  A jelly (D:7)
  2 hounds
  2 orc priests
  3 iguanas
  4 orc wizards
  5 adders
  A white imp (D:7)
  A dart slug (D:5)
  18 orcs
  An endoplasm (D:5)
  3 jackals (D:3)
  A ball python (D:4)
  A bat (D:1)
  2 kobolds (D:3)
  A rat (D:2)
53 creatures vanquished.

Notes
Turn   | Place    | Note
-------+----------+-------------------------------------------
     0 | D:1      | tilp the Mayflytaur Cinder Acolyte began the quest for the
                  | Orb.
     0 | D:1      | Reached XP level 1. HP: 21/21 MP: 3/3
    83 | D:3      | Found a white marble altar of Elyvilon.
   162 | D:4      | Noticed a hound
   179 | D:4      | Killed a hound
   180 | D:4      | Reached XP level 2. HP: 11/28 MP: 6/6
   180 | D:4      | Reached XP level 3. HP: 14/34 MP: 7/7
   183 | D:4      | Learned a level 2 spell: Scorch
   210 | D:5      | Entered Level 5 of the Dungeon
   286 | D:5      | Identified the ring of Locriop {Wiz rElec Int+3}
   319 | D:4      | Reached skill level 1 in Dodging
   416 | D:5      | Reached XP level 4. HP: 41/44 MP: 2/8
   448 | D:5      | Found a runed translucent door.
   448 | D:5      | Noticed qborf's ghost (novice OgBe)
   457 | D:4      | Noticed Blork the orc
   476 | D:5      | Reached skill level 5 in Maces & Flails
   486 | D:5      | Reached XP level 5. HP: 10/50 MP: 2/9
   654 | D:6      | Reached skill level 5 in Fighting
   654 | D:6      | Gained mutation: You regenerate magic rapidly. [Mayflytaur
                  | growth]
   654 | D:6      | Reached XP level 6. HP: 22/61 MP: 5/10
   857 | D:8      | Noticed Gastronok
   909 | D:8      | Reached XP level 7. HP: 46/69 MP: 4/11
   910 | D:8      | Found Woenuun's Armour Boutique.
   955 | D:7      | Reached skill level 1 in Armour
   997 | D:8      | Noticed Pikel
  1026 | D:8      | Killed Pikel
  1027 | D:8      | Reached XP level 8. HP: 6/80 MP: 6/13
  1046 | D:8      | Bought a +0 buckler for 63 gold pieces
  1048 | D:8      | Noticed a yak
  1048 | D:8      | Noticed a yak
  1051 | D:8      | Noticed a yak
  1051 | D:8      | Noticed a yak
  1051 | D:8      | Noticed a yak
  1051 | D:8      | Noticed a yak
  1180 | D:7      | Reached skill level 1 in Shields
  1260 | D:7      | Reached skill level 5 in Fire Magic
  1292 | D:7      | Killed from afar by an orc priest

Illustrated notes

Levels and vault maps discovered:
D:1:      minmay_arrival_open_corners, layout_loops_ring, serial_bayou_lake_a
D:2:      layout_loops_cross, hellmonk_ecumenical_altar_pennies_from_heaven,
          chequers_serial_rivers_room_b
D:3:      layout_basic, elyvilon_altar_5, nicolae_overflow_crystal_walls,
          cheibrodos_gnoll_hut
D:4:      layout_cave_pools, uniq_blork_the_orc
D:5:      layout_rooms, minmay_temple_entry_glassed_door,
          hellmonk_ghost_happy_afterlife
D:6:      cheibrodos_steamvent, layout_gridville, uniq_sigmund
D:7:      minmay_the_grid_triangle_9x9_rhombus_thin
          [minmay_the_grid_triangle_9x9_sparse_checkered,
          minmay_the_grid_triangle_9x9_prize_center,
          minmay_the_grid_triangle_9x9_zippers_horizontal,
          minmay_the_grid_triangle_9x9_corrupted_corridor], layout_basic
D:8:      layout_loops_cross, zin_treasury, lemuel_mausoleum_altar_yredelemnul,
          lair_entry_dummy, minmay_shop_grid_forest, minmay_misc_feat_encased,
          uniq_pikel, uniq_gastronok

Skill      XL: |  1  2  3  4  5  6  7  8 |
---------------+-------------------------+-----
Spellcasting   | 2 3 |  3.0
Fire Magic     | 4 5 |  5.0
Dodging        | 1 2 3 |  3.6
Fighting       | 4 5 6 7 |  7.4
Maces & Flails | 5 6 7 |  7.4
Armour         | 2 |  2.0
Shields        | 1 |  1.4

Action                   |  1- 3 |  4- 6 |  7- 9 || total
-------------------------+-------+-------+-------++-------
Melee: Mace              |    43 |    50 |    30 ||   123
       Punch             |       |     1 |     2 ||     3
       Whip              |       |       |    34 ||    34
 Cast: Scorch            |     5 |    21 |    34 ||    60
  Use: Potion            |       |     2 |     2 ||     4
       Scroll            |       |     3 |     2 ||     5
Armor: Robe              |    18 |     4 |       ||    22
       Leather armour    |       |     3 |    11 ||    14
Dodge: Dodged            |    33 |    38 |    51 ||   122

Table legend: (Time is in decaauts)
 A = Elapsed time spent in this place.
 B = Non-inter-level travel time spent in this place.
 C = Inter-level travel time spent in this place.
 D = Time resting spent in this place.
 E = Time spent auto-exploring this place.
 F = Levels seen in this place.
 G = Mean time per level.
                   A        B        C        D        E       F      G
               +--------+--------+--------+--------+--------+-----+--------+
         Total |   1306 |   1276 |     30 |     29 |      0 |   8 |  163.2 |
       Dungeon |   1306 |   1276 |     30 |     29 |      0 |   8 |  163.2 |
               +--------+--------+--------+--------+--------+-----+--------+

Top non-repeatable levels by time:
     D:5: 361 daAuts
     D:7: 360 daAuts
     D:6: 139 daAuts
     D:8: 138 daAuts
     D:4: 127 daAuts
     D:3: 116 daAuts
     D:1: 32 daAuts
     D:2: 30 daAuts
